 Dungeon Crawl Stone Soup version 0.30-a0-1006-g5d778dfbfc (webtiles) character file.

Game seed: 2358811997368356563

222809 steamdo11 the Acrobat (level 18, -1/94 (96) HPs)
             Began as a Felid Summoner on Apr 5, 2023.
             Was an Initiate of Jiyva.
             Slain by an Orb Guardian zombie (22 damage)
             ... on level 1 of the Crypt.
             The game lasted 04:15:09 (56011 turns).

steamdo11 the Acrobat (Felid Summoner)             Turns: 56011, Time: 04:15:10

HP:   -1/94 (96)    AC: 14    Str:  2      XL:     18   Next: 11%
MP:   18/30         EV: 35    Int: 13 (18) God:    Jiyva [......]
Gold: 701           SH:  0    Dex: 15 (17) Spells: 8/38 levels left
                                        Lives: 0   Deaths: 5

rFire   . . .      SeeInvis +      - Unarmed
rCold   . . .      Faith    .    (shield unavailable)
rNeg    + . .      Spirit   .    (body armour unavailable)
rPois   ∞          Reflect  .    (helmet unavailable)
rElec   +          Rampage  .    (cloak unavailable)
rCorr   .          Rnd*Tele +    (gloves unavailable)
Will    ++...      Rage     3%   (boots unavailable)
Stlth   ++                       b - amulet of regeneration
HPRegen 1.15/turn                R - ring of positive energy
MPRegen 0.22/turn                P - ring of wizardry

@: storm-form, flying, slowed, lightly drained, unable to drink, very slow
A: cleaving, insubstantial, flying, very small, (claws 1), (fangs 3), see
invisible, (speed 1), (shaggy fur 3), (stealthy paws), no weapons or thrown
items, no armour, multi-lived, berserk 1, clumsy 1, deterioration 1, dopey 2,
low MP 1, teleportitis 1, weak 1, subdued magic 1, inability to drink after
injury 1
}: 2/15 runes: serpentine, barnacled
a: Blinkbolt, End Transformation, Renounce Religion


You were on level 1 of the Crypt.
You worshipped Jiyva.
Jiyva was noncommittal.
You were a lightning-filled tempest!
You visited 9 branches of the dungeon, and saw 41 of its levels.

You collected 15421 gold pieces.
You spent 10154 gold pieces at shops.
You paid 4566 gold pieces to Gozag.

Inventory:

Jewellery
 b - an amulet of regeneration (around neck)
 e - the ring "Uqutidgh" {rPois MP+9 Str-4 Dex+4 SInv}
   (You acquired it on level 3 of the Lair of Beasts)

   [ring of poison resistance]

   Str:       It affects your strength (-4).
   Dex:       It affects your dexterity (+4).
   rPois:     It protects you from poison.
   MP:        It affects your magic capacity (+9).
   SInv:      It lets you see invisible.
 o - a +6 ring of intelligence
 r - a +5 ring of evasion
 A - a ring of protection from cold
 I - an amulet of the acrobat
 J - a ring of flight
 O - a ring of poison resistance
 P - a ring of wizardry (right paw)
 R - a ring of positive energy (left paw)
 U - a +4 ring of slaying
 V - a +6 ring of strength
 W - the macabre finger necklace {Finger+ rN+}
   (You bought it in a shop on level 1 of the Snake Pit)

   [amulet of nothing]

   Finger+:   It enables you to equip an extra ring.
   rN:        It protects you from negative energy.
 X - the ring of Mykaute {Will+ rCorr MP+9 Str+2 Int+3}
   (You bought it in a shop on level 1 of the Snake Pit)

   [ring of magical power]

   Str:       It affects your strength (+2).
   Int:       It affects your intelligence (+3).
   MP:        It affects your magic capacity (+9).
   rCorr:     It protects you from acid and corrosion.
   Will:      It increases your willpower.
 Y - a ring of protection from fire
 Z - a ring of willpower
Wands
 d - a wand of polymorph (26)
 u - a wand of iceblast (31)
 y - a wand of quicksilver (26)
 K - a wand of flame (59)
 N - a wand of digging (4)
 Q - a wand of charming (27)
Scrolls
 f - 4 scrolls of magic mapping
 g - 5 scrolls of silence
 h - 9 scrolls of teleportation
 i - 6 scrolls of immolation
 l - 8 scrolls of poison
 n - 4 scrolls of amnesia
 w - 4 scrolls of torment
 x - 4 scrolls of butterflies
 z - 5 scrolls of fog
 C - 5 scrolls of noise
 D - 8 scrolls of vulnerability
 H - 10 scrolls of fear
 L - 20 scrolls of identify
Potions
 a - 4 potions of magic
 c - 5 potions of degeneration
 j - 2 potions of lignification
 k - 4 potions of brilliance
 m - 11 potions of flight
 p - a potion of berserk rage
 q - 7 potions of mutation
 t - 7 potions of curing
 B - 2 potions of might
 E - 13 potions of attraction
 F - a potion of invisibility
 M - a potion of ambrosia
 S - 2 potions of cancellation
Miscellaneous
 T - a phantom mirror


   Skills:
 - Level 19.0 Fighting
 - Level 21.0 Dodging
 - Level 2.6 Stealth
 - Level 15.0 Unarmed Combat
 + Level 10.9 Spellcasting
 - Level 5.0 Hexes
 + Level 16.3 Summonings
 - Level 10.0 Translocations
 - Level 16.0 Transmutations
 + Level 14.1 Air Magic
 - Level 7.0 Earth Magic


You had 8 spell levels left.
You knew the following spells:

 Your Spells              Type           Power      Damage    Failure   Level
b - Summon Horrible Thin  Summ           19%        N/A       28%         8
c - Passage of Golubria   Tloc           25%        N/A       1%          4
e - Summon Lightning Spi  Summ/Air       35%        N/A       1%          4
f - Summon Forest         Summ/Tloc      15%        N/A       1%          5
g - Storm Form            Tmut/Air       17%        N/A       6%          7
h - Blink                 Tloc           50%        N/A       1%          2

Your spell library contained the following spells:

 Spells                   Type           Power      Damage    Failure   Level
 Summon Small Mammal      Summ           100%       N/A       0%          1
 Call Imp                 Summ           38%        N/A       0%          2
 Wereblood                Tmut           37%        N/A       0%          2
 Call Canine Familiar     Summ           38%        N/A       0%          3
 Apportation              Tloc           50%        N/A       1%          1
 Sandblast                Erth           38%        2d10      1%          1
 Shock                    Conj/Air       76%        1d7       1%          1
 Slow                     Hex            60%        N/A       1%          1
 Sting                    Tmut/Pois      84%        1d7       1%          1
 Ensorcelled Hibernation  Hex/Ice        20%        N/A       1%          2
 Passwall                 Tmut/Erth      23%        N/A       1%          2
 Poisonous Vapours        Pois/Air       38%        N/A       1%          2
 Static Discharge         Conj/Air       38%        2-4/arc   1%          2
 Confusing Touch          Hex            15%        N/A       1%          3
 Mephitic Cloud           Conj/Pois/Air  14%        N/A       1%          3
 Spider Form              Tmut/Pois      21%        N/A       1%          3
 Summon Guardian Golem    Hex/Summ       26%        N/A       1%          3
 Swiftness                Air            33%        N/A       1%          3
 Teleport Other           Tloc           25%        N/A       1%          3
 Tukima's Dance           Hex            15%        N/A       1%          3
 Airstrike                Air            16%        2d(3-19)  1%          4
 Ice Form                 Ice/Tmut       21%        N/A       1%          4
 Petrify                  Tmut/Erth      28%        N/A       1%          4
 Yara's Violent Unravell  Hex/Tmut       13%        3d7       1%          5
 Stone Arrow              Conj/Erth      24%        3d8       2%          3
 Leda's Liquefaction      Hex/Erth       8%         N/A       2%          4
 Freeze                   Ice            20%        1d4       3%          1
 Alistair's Intoxication  Tmut/Pois      14%        N/A       3%          5
 Irradiate                Conj/Tmut      10%        3d15      3%          5
 Summon Hydra             Summ           19%        N/A       3%          7
 Cause Fear               Hex            7%         N/A       4%          4
 Statue Form              Tmut/Erth      18%        N/A       4%          6
 Dragon Form              Tmut           18%        N/A       4%          7
 Sublimation of Blood     Necr           5%         N/A       5%          2
 Lee's Rapid Deconstruct  Erth           9%         3d7*      5%          5
 Frozen Ramparts          Ice            10%        1d2       11%         3
 Hailstorm                Conj/Ice       5%         3d4       11%         3
 Ozocubu's Armour         Ice            5%         N/A       11%         3
 Vampiric Draining        Necr           5%         2d6       11%         3
 Anguish                  Hex/Necr       5%         N/A       13%         4
 Freezing Cloud           Conj/Ice/Air   7%         6-21      14%         5
 Borgnjor's Vile Clutch   Necr/Erth      6%         N/A       24%         5
 Animate Dead             Necr           5%         N/A       34%         4
 Olgreb's Toxic Radiance  Pois           5%         N/A       34%         4
 Metabolic Englaciation   Hex/Ice        5%         N/A       34%         5
 Maxwell's Capacitive Co  Air            16%        ∞         56%         8
 Haunt                    Necr/Summ      10%        N/A       71%         7
 Death Channel            Necr           2%         N/A       99%         6
 Simulacrum               Ice/Necr       2%         N/A       99%         6
 Ozocubu's Refrigeration  Ice            2%         4d8       100%        7
 Infestation              Necr           2%         N/A       100%        8
 Lehudib's Crystal Spear  Conj/Erth      6%         10d3      100%        8
 Dragon's Call            Summ           19%        N/A       98%         9
 Animate Armour           Summ/Erth      Unusable   N/A       N/A         4

Dungeon Overview and Level Annotations

Branches:
Dungeon (15/15)            Temple (1/1) D:7            Lair (5/5) D:10
 Shoals (4/4) Lair:3        Snake (4/4) Lair:2        Slime (5/5) Lair:4
    Orc (2/2) D:9             Elf (0/3) Orc:2        Vaults (4/5) D:14
  Crypt (1/3) Vaults:3     Depths (0/4) D:15

Altars:
Ashenzari
Cheibriados
Dithmenos
Elyvilon
Fedhas
Gozag
Hepliaklqana
Kikubaaqudgha
Makhleb
Nemelex Xobeh
Okawaru
Qazlal
Ru
Sif Muna
Trog
Uskayaw
Vehumet
Wu Jian
Xom
Yredelemnul
Zin
The Shining One
Jiyva

Shops:
D:11 =   D:12 =   D:14 (   Orc:2 =:(*[(   Lair:1 :   Lair:4 :   Shoals:4 *
Snake:1 :=:   Snake:2 [   Snake:3 *   Vaults:2 *   Vaults:4 =

Annotations:
D:2 Sigmund
D:8 1 runed translucent door
D:11 3 runed translucent doors
D:14 exclusion: ice statue
Lair:3 2 transporters
Snake:3 2 transporters, quik's ghost, adept GnCA
Slime:5 Royal Jelly
Vaults:1 exclusion: orange crystal statue
Vaults:4 3 runed translucent doors, Ehaeru's ghost, veteran MeCj


Innate Abilities, Weirdness & Mutations

You are a lightning-filled tempest!
Your electrical attacks strike out in all directions at once.
You are incredibly evasive.
Your insubstantial body is immune to petrification, constriction, and being set on fire You are flying.
You are immune to poison.
((You have sharp claws.))
((You have razor-sharp teeth.))
You have supernaturally acute eyesight. (SInv)
((You cover ground quickly. (Speed+)))
((Your thick and shaggy fur keeps you warm. (AC +3, rC+)))
((Your paws help you pounce on unaware monsters.))
You are incapable of wielding weapons or throwing items.
You cannot wear armour.
You gain extra lives every three experience levels.
You sometimes lose your temper in combat.
You are clumsy. (Dex -2)
Your body sometimes deteriorates upon taking damage.
You are very dopey. (Int -4)
Your magical capacity is low. (-10% MP)
You are occasionally teleported next to monsters.
You are weak. (Str -2)
Your spells are a little easier to cast, but a little less powerful.
You occasionally lose the ability to drink potions when taking damage.


Message History

The Orb Guardian zombie completely misses you.
The eidolon stares piercingly at you. The bolt of negative energy misses you.
You batter the Orb Guardian zombie!!
The Orb Guardian zombie is severely damaged.
You barely miss the eidolon.
A phantasmal warrior comes into view.
The Orb Guardian zombie closely misses you.
The eidolon barely misses you. x2
You buffet the Orb Guardian zombie!
The Orb Guardian zombie is almost destroyed.
You hit the eidolon. Lightning courses through the eidolon!!
The eidolon closely misses you. The eidolon barely misses you.
The Orb Guardian zombie hits you!
Your body deteriorates!
You feel dopey. The eidolon closely misses you. The eidolon misses you.
You hit the Orb Guardian zombie but do no damage.
The Orb Guardian zombie is almost destroyed.
You hit the eidolon but do no damage. Lightning courses through the eidolon!!
The Orb Guardian zombie completely misses you.
The phantasmal warrior gestures at you.
The phantasmal warrior blinks!
The eidolon misses you. The eidolon completely misses you.
You hit the Orb Guardian zombie but do no damage.
The Orb Guardian zombie is almost destroyed.
You hit the eidolon but do no damage. Lightning courses through the eidolon!
The Orb Guardian zombie hits you but does no damage.
The eidolon closely misses you. The eidolon barely misses you.
The Orb Guardian zombie hits you!!
You feel threatened and lose the ability to drink potions!
* * * LOW HITPOINT WARNING * * *
The eidolon stares piercingly at you. The bolt of negative energy misses you.
Casting: Storm Form (dangerous; 6% risk of failure)
Confirm with . or Enter, or press ? or * to list all spells.
Your mind reels, touched by the horrors through the portal.
You feel dopey. The eidolon stares piercingly at you.
The bolt of negative energy misses you. The Orb Guardian zombie hits you!!
You die...

...###########
...........).###
....#######....#
###.#######.####
#.........#
#########..######## ..
..............XX..##....
#####.........#...X.....
#......####...##v##...#
#............##XWZ# .#
...........#...X8W#
#.............#.Z..
.......#......##...#
...............#....
#............. ##......
##########...# ...8..
#... ##.....


You could see an eidolon (fast, incited, ally target), a phantasmal warrior, an
Orb Guardian zombie, an anaconda skeleton and 5 friendly large abominations.

Vanquished Creatures
  Sojobo (Vaults:3)
  Bai Suzhen (Vaults:3)
  Zenata (Vaults:1)
  2 acid blobs
  4 sphinxes
  Polyphemus (Shoals:4)
  An azure jelly (Slime:5)
  A tengu reaver (Crypt:1)
  A shadow dragon (Vaults:3)
  3 nagarajas (Snake:4)
  A rockslime (Slime:2)
  Aizul (Snake:2)
  11 vault wardens
  2 ghouls (Crypt:1)
  13 ironbound preservers
  A stone giant (Vaults:4)
  A war gargoyle (Vaults:4)
  A caustic shrike skeleton (Crypt:1)
  2 quicksilver oozes
  3 very ugly things
  A vampire knight (Crypt:1)
  10 ironbound thunderhulks
  3 dire elephants (Vaults:1)
  An eidolon (Crypt:1)
  4 merfolk javelineers
  A jiangshi (Crypt:1)
  2 deep elf death magi
  10 yaktaur captains
  9 merfolk impalers
  2 entropy weavers
  An elf skeleton (Crypt:1)
  7 great orbs of eyes
  A salamander tyrant (Snake:4)
  A merfolk avatar (Shoals:3)
  2 death knights (Vaults:3)
  An alligator snapping turtle (Shoals:4)
  6 vault guards
  A catoblepas (Shoals:4)
  8 ironbound frosthearts
  13 anacondas
  12 centaur warriors
  5 merfolk aquamancers
  10 naga warriors
  2 satyrs (Shoals:3)
  A tengu warrior (D:15)
  A boulder beetle (Vaults:1)
  3 vampire magi (Crypt:1)
  4 death yaks
  2 nameless horrors
  6 shock serpents
  6 naga sharpshooters
  A shadow wraith (Vaults:2)
  3 spectral anacondas (Snake:1)
  13 sea snakes
  2 anaconda zombies (Snake:1)
  31 deep trolls
  3 naga ritualists
  4 skysharks
  2 flayed ghosts (Crypt:1)
  A bog body (Crypt:1)
  A glowing orange brain (Vaults:4)
  2 phantasmal warriors
  4 wizards
  5 anaconda skeletons
  25 harpies
  21 ironbound convokers
  2 necromancers
  9 lindwurms
  An orc knight (Vaults:3)
  5 mana vipers
  2 cyclopes
  18 fauns
  12 manticores
  13 ugly things
  An iron dragon skeleton (Crypt:1)
  7 salamanders
  5 shining eyes
  An eye of devastation (shapeshifter) (D:15)
  2 guardian serpents
  10 merfolk sirens
  A centaur skeleton (Crypt:1)
  3 water nymphs
  An eye of devastation (Slime:5)
  11 vault sentinels
  7 naga magi
  20 black mambas
  A freezing wraith (Crypt:1)
  23 yaktaurs
  34 merfolk
  5 wind drakes
  47 slime creatures
  11 snapping turtles
  An ettin zombie (Crypt:1)
  An ice dragon skeleton (Crypt:1)
  6 water elementals
  2 wraiths
  A golden eye (Slime:2)
  A deep troll zombie (Crypt:1)
  14 nagas
  A merfolk skeleton (Crypt:1)
  4 boggarts (Vaults:2)
  An elf zombie (Crypt:1)
  A bullfrog (D:9)
  A troll skeleton (Crypt:1)
  An electric eel (Lair:5)
  2 centaur zombies (Crypt:1)
  An adder (D:5)
  A hobgoblin (D:3)
597 creatures vanquished.

Vanquished Creatures (collateral kills)
  Vashnia (Snake:4)
  Jory (Vaults:3)
  Jorgrun (D:14)
  2 titans (Vaults:3)
  Gastronok (Lair:3)
  8 acid blobs
  A nagaraja (Snake:4)
  2 azure jellies (Slime:5)
  2 frost giants
  Louise (Snake:2)
  2 orc warlords
  2 vault wardens
  2 deep elf sorcerers (Vaults:3)
  3 ironbound preservers
  A ghoul (Crypt:1)
  2 very ugly things
  A quicksilver ooze (Slime:5)
  An ironbound thunderhulk (Vaults:2)
  6 dire elephants
  Azrael (D:12)
  An ettin (D:15)
  Snorg (Lair:3)
  An eidolon (Crypt:1)
  A jiangshi (Crypt:1)
  Josephine (Orc:1)
  2 yaktaur captains
  2 vault guards (Vaults:2)
  An ice dragon (D:14)
  A rakshasa (Vaults:4)
  A salamander tyrant (Snake:4)
  5 hydras
  A great orb of eyes (Slime:5)
  An ogre mage (D:15)
  A catoblepas (Lair:1)
  2 centaur warriors (D:14)
  7 anacondas
  A satyr (Shoals:3)
  4 boulder beetles
  A merfolk aquamancer (Shoals:4)
  6 two-headed ogres
  A deep troll earth mage (Vaults:3)
  4 naga warriors
  4 orc high priests (Orc:2)
  A naga sharpshooter (Snake:4)
  2 salamander mystics
  2 spectral anacondas (Snake:1)
  3 skysharks
  A fire crab (Lair:4)
  2 sea snakes (Shoals:1)
  3 naga ritualists
  4 deep trolls
  2 wizards
  A lindwurm (Vaults:1)
  3 necromancers
  6 harpies
  A deep elf pyromancer (D:14)
  2 ironbound convokers (Vaults:4)
  An anaconda skeleton (Snake:1)
  5 orc knights
  8 ugly things
  3 mana vipers
  5 orc sorcerers
  4 cyclopes
  4 fauns
  11 salamanders
  3 manticores
  A shining eye (Slime:5)
  4 elephants (Lair:1)
  20 black mambas
  4 guardian serpents
  A merfolk siren (Shoals:1)
  2 vault sentinels
  8 naga magi
  4 molten gargoyles (D:12)
  18 cane toads
  2 gargoyles
  4 kobold demonologists
  3 rime drakes
  A freezing wraith (D:15)
  3 tengu conjurers
  2 unseen horrors
  2 efreet (D:13)
  3 anaconda simulacra (Snake:1)
  8 komodo dragons
  6 trolls
  3 tyrant leeches (Lair:5)
  3 merfolk
  18 blink frogs
  A hornet (D:11)
  2 polar bears
  An ice dragon zombie (Crypt:1)
  9 dream sheep
  A vampire (D:12)
  25 slime creatures
  6 wraiths
  2 shadows (D:9)
  Eustachio (D:5)
  A fire elemental (D:12)
  43 yaks
  A wyvern (Lair:5)
  2 basilisks
  A steam dragon (Lair:1)
  22 vampire mosquitoes
  17 nagas
  12 water moccasins
  2 hell hounds (D:12)
  2 acid dragons
  26 orc warriors
  4 ice beasts
  2 black bears
  An ogre (D:15)
  A sky beast (D:7)
  2 boggarts (Vaults:4)
  4 wolves (Lair:2)
  2 centaurs
  2 kobold brigands
  Blork the orc (D:4)
  9 bullfrogs
  3 scorpions
  2 necrophages (Crypt:1)
  5 gnoll sergeants
  10 wights
  4 howler monkeys
  A jelly (D:5)
  20 orc priests
  3 hounds
  2 sleepcaps
  A bullfrog skeleton (Crypt:1)
  3 iguanas
  18 orc wizards
  7 hell rats (Lair:2)
  8 ogre zombies (D:9)
  25 gnolls
  7 adders
  2 shadow imps
  2 white imps
  A worm (D:2)
  4 dart slugs
  50 orcs
  5 ball pythons
  7 endoplasms
  6 giant cockroaches
  11 goblins
  4 hobgoblins
  4 jackals
  14 kobolds
  2 quokkas
  3 bats
  A frilled lizard (D:2)
  4 goblin skeletons (D:9)
  5 goblin zombies (D:9)
  2 hobgoblin skeletons (D:9)
  A hobgoblin zombie (D:9)
  3 orc skeletons (D:9)
  10 orc zombies (D:9)
  3 rats
756 creatures vanquished.

Vanquished Creatures (others)
  Xtahua (Crypt:1)
  A vault warden (Vaults:3)
  An entropy weaver (Vaults:3)
  A deep troll (Vaults:1)
  A glowing orange brain (D:11)
  2 wizards (Vaults:3)
  An ironbound convoker (Vaults:3)
  An orc knight (Vaults:3)
  A lindwurm (Vaults:1)
  A fire elemental (D:12)
  6 yaks
  A golden eye (Slime:1)
  A naga (Snake:4)
  An ice beast (D:14)
  An orc warrior (Orc:2)
  A black bear (D:5)
  A boggart (Vaults:2)
  14 jellies
  A gnoll bouda (D:7)
  An iguana (D:7)
  2 orc wizards (Orc:2)
  Ijyb (D:5)
  A hound skeleton (Crypt:1)
  A gnoll (D:7)
  An orc (Orc:2)
  23 fungi
  136 plants
  5 snaplasher vines (Snake:4)
209 creatures vanquished.

Grand Total: 1562 creatures vanquished

Notes
Turn   | Place    | Note
-------+----------+-------------------------------------------
     0 | D:1      | steamdo11 the Felid Summoner began the quest for the Orb.
     0 | D:1      | Reached XP level 1. HP: 7/7 MP: 4/4
   597 | D:1      | Reached XP level 2. HP: 11/11 MP: 3/6
   600 | D:1      | Learned a level 2 spell: Call Imp
  1482 | D:2      | Reached XP level 3. HP: 14/14 MP: 2/8
  1486 | D:2      | Learned a level 3 spell: Call Canine Familiar
  1548 | D:2      | Noticed Sigmund
  2432 | D:3      | Found a faded altar of an unknown god.
  2449 | D:3      | Reached XP level 4. HP: 18/18 MP: 4/10
  2454 | D:3      | Learned a level 3 spell: Summon Guardian Golem
  3230 | D:4      | Noticed Blork the orc
  3405 | D:4      | Noticed an ice beast
  3431 | D:4      | Killed an ice beast
  3432 | D:4      | Reached skill level 1 in Fighting
  3432 | D:4      | Reached skill level 3 in Dodging
  3432 | D:4      | Reached XP level 5. HP: 22/22 MP: 3/11
  3921 | D:4      | Reached skill level 5 in Summonings
  3921 | D:4      | Gained mutation: You are covered in thick fur. (AC +2)
                  | [Felid growth]
  3921 | D:4      | Reached XP level 6. HP: 26/26 MP: 11/13
  4444 | D:5      | Entered Level 5 of the Dungeon
  4617 | D:5      | Reached skill level 4 in Dodging
  4990 | D:5      | Noticed Ijyb
  4997 | D:5      | Found a broken altar of Ashenzari.
  4998 | D:5      | Killed Ijyb
  5004 | D:5      | Reached XP level 7. HP: 24/30 MP: 11/14
  5056 | D:5      | Found a radiant altar of Vehumet.
  5056 | D:5      | Found a stormy altar of Qazlal.
  5056 | D:5      | Found a bloodstained altar of Trog.
  5307 | D:5      | Reached skill level 5 in Dodging
  5440 | D:5      | Noticed Eustachio
  5708 | D:6      | Learned a level 4 spell: Summon Lightning Spire
  5793 | D:6      | Found a blossoming altar of Fedhas.
  6740 | D:7      | Reached skill level 5 in Spellcasting
  6740 | D:7      | Reached skill level 5 in Hexes
  6740 | D:7      | Reached XP level 8. HP: 34/34 MP: 4/16
  7124 | D:7      | Found a staircase to the Ecumenical Temple.
  7189 | Temple   | Entered the Ecumenical Temple
  7253 | Temple   | Became a worshipper of Gozag Ym Sagoz the Greedy
  7308 | D:7      | Found an ornate altar of the Wu Jian Council.
  7674 | D:8      | Found a snail-covered altar of Cheibriados.
  7690 | D:8      | Reached skill level 6 in Dodging
  7690 | D:8      | Reached skill level 1 in Air Magic
  7828 | D:8      | Reached skill level 7 in Dodging
  7828 | D:8      | Reached XP level 9. HP: 39/39 MP: 8/18
  8028 | D:8      | Found a shimmering altar of Xom.
  8056 | D:8      | Found a sacrificial altar of Ru.
  8175 | D:8      | Reached skill level 5 in Fighting
  8256 | D:8      | Found a runed translucent door.
  8654 | D:9      | Noticed an unseen horror
  8711 | D:9      | Killed an unseen horror
  8769 | D:9      | Found a glowing silver altar of Zin.
  9031 | D:9      | Reached skill level 8 in Dodging
  9383 | D:9      | Reached XP level 10. HP: 45/45 MP: 9/21
  9902 | D:9      | Found a staircase to the Orcish Mines.
  9998 | D:9      | Noticed a two-headed ogre
 10008 | D:9      | Killed a two-headed ogre
 10009 | D:9      | Reached skill level 9 in Dodging
 10106 | D:9      | Reached skill level 5 in Air Magic
 10685 | D:5      | Killed Eustachio
 10960 | D:4      | Killed Blork the orc
 11164 | D:10     | Entered Level 10 of the Dungeon
 11279 | D:10     | Found a staircase to the Lair.
 11285 | Lair:1   | Entered Level 1 of the Lair of Beasts
 11288 | Lair:1   | Noticed a cane toad
 11299 | Lair:1   | Killed a cane toad
 11562 | Lair:1   | Noticed a catoblepas
 11577 | Lair:1   | Killed a catoblepas
 11578 | Lair:1   | Reached skill level 10 in Dodging
 11790 | Lair:1   | Noticed an elephant
 11790 | Lair:1   | Noticed an elephant
 11790 | Lair:1   | Noticed an elephant
 11798 | Lair:1   | Killed an elephant
 11799 | Lair:1   | Reached XP level 11. HP: 50/50 MP: 19/23
 12561 | Lair:1   | Bought Sif Muna's Guidebook on Moving Venin for 416 gold
                  | pieces
 12561 | Lair:1   | Bought the Catalogue of Unified Direction for 520 gold
                  | pieces
 13122 | Lair:2   | Found a staircase to the Snake Pit.
 13239 | Lair:2   | Reached skill level 11 in Dodging
 13459 | Lair:2   | Noticed a skyshark
 13493 | Lair:2   | Killed a skyshark
 14448 | Lair:3   | Reached skill level 1 in Translocations
 14485 | Lair:3   | Learned a level 5 spell: Summon Forest
 14525 | Lair:3   | Noticed Snorg
 14526 | Lair:3   | Gained mutation: Your thick and shaggy fur keeps you warm.
                  | (AC +3, rC+) [Felid growth]
 14526 | Lair:3   | Reached XP level 12. HP: 40/56 MP: 15/25
 14556 | Lair:3   | Killed Snorg
 14698 | Lair:3   | Found a transporter.
 14722 | Lair:3   | Reached skill level 10 in Summonings
 14785 | Lair:3   | Identified a scroll of acquirement
 14786 | Lair:3   | Acquired the ring "Uqutidgh" {rPois MP+9 Str-4 Dex+4 SInv}
 14991 | Lair:3   | Found a staircase to the Shoals.
 15031 | Lair:3   | Noticed Gastronok
 15051 | Lair:3   | Killed Gastronok
 15052 | Lair:3   | Reached skill level 12 in Dodging
 15277 | Lair:3   | Found a transporter.
 15793 | Lair:4   | Reached skill level 5 in Translocations
 16029 | Lair:4   | Noticed an eight-headed hydra
 16037 | Lair:4   | Killed an eight-headed hydra
 16383 | Lair:4   | Reached skill level 13 in Dodging
 16506 | Lair:4   | Found a staircase to the Slime Pits.
 16988 | Lair:5   | Entered Level 5 of the Lair of Beasts
 17093 | Lair:5   | Reached skill level 10 in Fighting
 17217 | Lair:5   | Reached skill level 10 in Spellcasting
 17279 | Lair:5   | Reached XP level 13. HP: 61/61 MP: 17/28
 17508 | Lair:4   | Bought a book of the Earth for 576 gold pieces
 17515 | Lair:4   | Learned a level 6 spell: Statue Form
 17804 | Lair:5   | Reached skill level 1 in Transmutations
 17874 | Lair:5   | Reached skill level 1 in Earth Magic
 18176 | Lair:5   | Reached skill level 14 in Dodging
 19013 | Orc:1    | Entered Level 1 of the Orcish Mines
 19174 | Orc:1    | Noticed Josephine
 19179 | Orc:1    | Gained mutation: You are dopey. (Int -2) [mutagenic glow]
 19195 | Orc:1    | Killed Josephine
 19544 | Orc:2    | Entered Level 2 of the Orcish Mines
 19544 | Orc:2    | Found Vaapp's Antique Weapon Emporium.
 19651 | Orc:2    | Reached skill level 10 in Translocations
 19752 | Orc:2    | Found a staircase to the Elven Halls.
 19889 | Orc:2    | Noticed an orc warlord
 19947 | Orc:2    | Killed an orc warlord
 20145 | Orc:2    | Reached skill level 5 in Transmutations
 20257 | Orc:2    | Reached XP level 14. HP: 67/67 MP: 24/29
 20293 | Orc:2    | Reached skill level 15 in Dodging
 20570 | Orc:2    | Found Zigovuf's Antique Armour Shoppe.
 20571 | Orc:2    | Found Koeret Yript's Antique Weapon Shoppe.
 20573 | Orc:2    | Found Lighamaj's General Store.
 20573 | Orc:2    | Found Diof's Jewellery Emporium.
 20578 | Orc:2    | Bought a potion of ambrosia for 96 gold pieces
 20578 | Orc:2    | Bought a wand of digging (4) for 201 gold pieces
 21995 | D:11     | Found a runed translucent gate.
 21995 | D:11     | Found a runed translucent gate.
 21995 | D:11     | Found a runed translucent gate.
 22455 | D:11     | Found Kiul's Jewellery Shoppe.
 22458 | D:11     | Bought a ring of poison resistance for 280 gold pieces
 22458 | D:11     | Bought a ring of wizardry for 420 gold pieces
 22794 | D:11     | Reached skill level 5 in Earth Magic
 22963 | D:12     | Found Dariwoh's Jewellery Boutique.
 23180 | D:12     | Noticed Azrael
 23199 | D:12     | Killed Azrael
 25444 | D:12     | Learned a level 2 spell: Blink
 26285 | D:14     | Reached skill level 16 in Dodging
 26350 | D:14     | Found Fuist's Weapon Boutique.
 26843 | D:14     | Noticed Jorgrun
 27086 | D:14     | Killed Jorgrun
 27250 | D:14     | Found a gate to the Vaults.
 27447 | D:14     | Shot with an arrow by a centaur warrior
 27448 | D:14     | Reached XP level 13. HP: -1/65 MP: 16/28
 27604 | D:15     | Entered Level 15 of the Dungeon
 27942 | D:15     | Reached XP level 14. HP: 69/69 MP: 22/29
 28441 | D:15     | Reached skill level 1 in Unarmed Combat
 28808 | D:15     | Found a staircase to the Depths.
 29007 | D:15     | Learned a level 8 spell: Summon Horrible Things
 29173 | Lair:4   | Bought a manual of Fighting for 1280 gold pieces
 29212 | Snake:1  | Entered Level 1 of the Snake Pit
 29696 | Snake:1  | Reached skill level 17 in Dodging
 30571 | Snake:1  | Found Xuhoulia's Book Shoppe.
 30571 | Snake:1  | Found Ophoenky's Jewellery Boutique.
 30572 | Snake:1  | Found Bedghu's Book Shoppe.
 30578 | Snake:1  | Bought a book of the Sky for 616 gold pieces
 31083 | Snake:1  | Bought a manual of Unarmed Combat for 1120 gold pieces
 31174 | Snake:2  | Reached XP level 15. HP: 75/75 MP: 21/30
 31180 | Snake:2  | Noticed Aizul
 31326 | Snake:2  | Reached skill level 5 in Unarmed Combat
 31549 | Snake:2  | Reached skill level 10 in Transmutations
 31859 | Snake:2  | Noticed Louise
 31960 | Snake:2  | Found Urytigyph's Armour Shoppe.
 32224 | Snake:2  | Killed Aizul
 32268 | Snake:3  | Found Vifuly's Assorted Antiques.
 32285 | Snake:3  | Bought a scroll of teleportation for 105 gold pieces
 32465 | Snake:3  | Found a transporter.
 32470 | Snake:3  | Noticed quik's ghost (adept GnCA)
 32543 | Snake:3  | Reached skill level 18 in Dodging
 32707 | Snake:3  | Found a transporter.
 32710 | Snake:3  | Reached skill level 15 in Fighting
 33716 | Snake:4  | Entered Level 4 of the Snake Pit
 34075 | Snake:4  | Noticed a nagaraja
 34090 | Snake:4  | Killed a nagaraja
 34480 | Snake:4  | Reached XP level 16. HP: 81/81 MP: 14/31
 34655 | Snake:4  | Reached skill level 19 in Dodging
 34723 | Snake:4  | HP: 1/157 [naga warrior/+1 mace of protection (14)]
 34723 | Snake:4  | Constricted to death by a naga warrior
 34724 | Snake:4  | Reached XP level 15. HP: -2/149 MP: 23/30
 34750 | Snake:4  | Killed a nagaraja
 34906 | Snake:4  | Noticed Vashnia
 34928 | Snake:4  | Noticed a nagaraja
 34934 | Snake:4  | Killed Vashnia
 34958 | Snake:4  | Killed a nagaraja
 35024 | Snake:4  | Learned a level 7 spell: Storm Form
 35063 | Snake:4  | Noticed a nagaraja
 35070 | Snake:4  | Killed a nagaraja
 35165 | Snake:4  | Got a serpentine rune of Zot
 35542 | Snake:2  | Killed Louise
 35840 | Orc:2    | Bought a ring of protection from cold for 350 gold pieces
 35997 | Shoals:1 | Entered Level 1 of the Shoals
 36297 | Shoals:1 | Reached skill level 10 in Air Magic
 36993 | Shoals:1 | Reached XP level 16. HP: 81/81 MP: 31/31
 38531 | Shoals:3 | Reached skill level 10 in Unarmed Combat
 39370 | Shoals:4 | Entered Level 4 of the Shoals
 39466 | Shoals:4 | Slain by an alligator snapping turtle
 39467 | Shoals:4 | Reached XP level 15. HP: 0/77 MP: 20/30
 39616 | Shoals:4 | Noticed Polyphemus
 39664 | Shoals:4 | Found Yrewenn's Overcharged Wands.
 39919 | Shoals:4 | Noticed a frost giant
 40000 | Shoals:4 | Killed a frost giant
 40244 | Shoals:4 | Reached XP level 16. HP: 50/81 MP: 21/31
 40437 | Shoals:4 | Killed Polyphemus
 41010 | Shoals:4 | Got a barnacled rune of Zot
 41116 | Shoals:4 | Reached skill level 15 in Transmutations
 41657 | Vaults:1 | Entered Level 1 of the Vaults
 43239 | Vaults:1 | Reached skill level 20 in Dodging
 43337 | Vaults:1 | Reached XP level 17. HP: 84/87 MP: 13/32
 43571 | Vaults:1 | Noticed Zenata
 43776 | Vaults:1 | Killed Zenata
 44473 | Vaults:2 | Found Fafaamig's General Store.
 44512 | Vaults:2 | Bought a scroll of blinking for 105 gold pieces
 44512 | Vaults:2 | Bought a potion of resistance for 140 gold pieces
 46607 | Snake:1  | Bought the macabre finger necklace {Finger+ rN+} for 680
                  | gold pieces
 46607 | Snake:1  | Found the macabre finger necklace {Finger+ rN+}
 46607 | Snake:1  | Bought the ring of Mykaute {Will+ rCorr MP+9 Str+2 Int+3}
                  | for 827 gold pieces
 47404 | Vaults:3 | Reached XP level 18. HP: 93/93 MP: 33/33
 47616 | Vaults:3 | Noticed Jory
 47631 | Vaults:3 | Killed Jory
 47837 | Vaults:3 | Found a staircase to the Crypt.
 48407 | Vaults:3 | Noticed Bai Suzhen
 48420 | Vaults:3 | Killed Bai Suzhen
 50027 | Vaults:3 | Reached skill level 15 in Summonings
 50045 | Vaults:3 | Slain by an orc knight
 50046 | Vaults:3 | Reached XP level 17. HP: -3/89 MP: 35/41
 50239 | Vaults:3 | Killed a titan
 50538 | Vaults:3 | Noticed a titan
 50546 | Vaults:3 | Killed a titan
 51243 | Vaults:4 | Reached skill level 15 in Unarmed Combat
 51252 | Vaults:4 | Reached XP level 18. HP: 43/94 MP: 26/33
 52032 | Vaults:4 | Found a runed translucent gate.
 52032 | Vaults:4 | Found a runed translucent gate.
 52032 | Vaults:4 | Found a runed translucent gate.
 52219 | Vaults:4 | Found Toskaeke's Jewellery Shoppe.
 52227 | Vaults:4 | Bought a ring of protection from fire for 375 gold pieces
 52227 | Vaults:4 | Bought a ring of willpower for 375 gold pieces
 52334 | Vaults:4 | Noticed Ehaeru's ghost (veteran MeCj)
 52778 | Orc:2    | Bought Great Wizards, Vol. VII for 450 gold pieces
 52778 | Orc:2    | Bought a book of the Dragon for 690 gold pieces
 52945 | Snake:1  | Bought a book of Blood for 392 gold pieces
 52991 | Snake:3  | Bought a scroll of amnesia for 140 gold pieces
 53102 | Slime:1  | Entered Level 1 of the Pits of Slime
 53112 | Lair:4   | Learned a level 4 spell: Passage of Golubria
 53277 | Slime:2  | Gained mutation: You are weak. (Str -2) [a shining eye]
 53280 | Slime:2  | Gained mutation: You are very dopey. (Int -4) [a shining
                  | eye]
 53281 | Slime:2  | Gained mutation: You are clumsy. (Dex -2) [a shining eye]
 53283 | Slime:2  | Gained mutation: Your magical capacity is low. (-10% MP) [a
                  | shining eye]
 53284 | Slime:2  | Gained mutation: You sometimes lose your temper in combat.
                  | [a shining eye]
 53326 | Slime:3  | Gained mutation: Your body sometimes deteriorates upon
                  | taking damage. [a shining eye]
 53342 | Slime:3  | Gained mutation: You are occasionally teleported next to
                  | monsters. [a shining eye]
 53544 | Slime:5  | Entered Level 5 of the Pits of Slime
 53758 | Slime:5  | Reached skill level 21 in Dodging
 53796 | Slime:5  | Found a viscous altar of Jiyva.
 53797 | Slime:5  | Noticed the Royal Jelly
 53814 | Slime:5  | Gained mutation: Your spells are a little easier to cast,
                  | but a little less powerful. [a shining eye]
 53815 | Slime:5  | Gained mutation: You occasionally lose the ability to drink
                  | potions when taking damage. [a shining eye]
 53902 | Slime:5  | HP: 3/94 [azure jelly (11)]
 54222 | Slime:5  | Fell from the grace of Gozag
 54222 | Slime:5  | Became a worshipper of Jiyva Jonyutil the Shapeless
 54557 | Crypt:1  | Entered Level 1 of the Crypt
 54982 | Crypt:1  | Noticed Sojobo
 54998 | Crypt:1  | Paralysed by an air elemental for 1 turns
 55001 | Crypt:1  | Paralysed by an air elemental for 1 turns
 55008 | Crypt:1  | Paralysed by an air elemental for 1 turns
 55138 | Vaults:3 | HP: 3/95 [Sojobo/+1 triple sword of electrocution (27)]
 55138 | Vaults:3 | Slain by Sojobo
 55139 | Vaults:3 | Reached XP level 17. HP: -2/90 MP: 15/29
 55160 | Vaults:3 | Killed Sojobo
 55534 | Crypt:1  | Noticed Xtahua
 55553 | Crypt:1  | Killed Xtahua
 55554 | Crypt:1  | Reached XP level 18. HP: 46/95 MP: 6/30
 56011 | Crypt:1  | Slain by an Orb Guardian zombie

Illustrated notes

Levels and vault maps discovered:
D:1:      dpeg_arrival_arbitrary_c, layout_loops_corners
D:2:      layout_basic, uniq_sigmund
D:3:      layout_basic, dreamdust_ecumenical_altar_statues, st_stairs_13,
          hangedman_glass_teeth, grunt_decor_clamped, grunt_ministairs_11,
          serial_park_tiny_1
D:4:      layout_loops_ring, hex_medium, uniq_blork_the_orc
D:5:      layout_loops_ring, minitemple, minmay_crystal_water, uniq_eustachio,
          uniq_ijyb
D:6:      layout_loops_ring, amcnicky_altar_gilded, minmay_misc_feat_encased
D:7:      layout_basic, nzn_wu_jian_council_hall, minmay_temple_entry_ruins
D:8:      layout_gridville, cheibriados_altar_1, nicolae_ru_awakened_eye,
          mainiacjoe_overflow_concentric_impassable, chequers_decorated_corner,
          lightli_church_of_beogh
D:9:      layout_loops_ring, mainiacjoe_overflow_paths, zombieorc2_lemuel
D:10:     layout_long_grid, lair_entry_dummy, enter_bailey_5
D:11:     layout_loops_ring, serial_shops, kennysheep_mini,
          ploomutoo_gammafunk_ghost_potion_laboratory
D:12:     layout_roguey, serial_shops, shop, minivault_8, uniq_azrael
D:13:     layout_loops_ring
D:14:     layout_cave_pools, david_vaults_1, infiniplex_staircase_squiggle,
          serial_shops, shop, grunt_ministairs_3, ice2_lemuel, uniq_jorgrun
D:15:     hangedman_depths_entry_civil_slaughter, layout_cave_pools
Temple:   nicolae_temple_x_marks_the_god
Lair:1:   statuecave_lemuel, layout_small_grid, serial_bayou_shore_b
Lair:2:   layout_regular_city, minmay_snake_entry_guardpost_medium,
          nicolae_lair_lil_pond, minivault_19, patterned_corridor
Lair:3:   gammafunk_worm_tunnel, layout_regular_city,
          minmay_shoals_entry_centaurs, beast_lair_carwin_1, uniq_gastronok,
          uniq_snorg
Lair:4:   layout_cave_pods, slime_entry_1, beast_lair_carwin_10,
          grunt_megastairs_3, serial_bayou_shore_b
Lair:5:   minmay_lair_end_frog_pond, layout_gridlike
Shoals:1: layout_shoals
Shoals:2: layout_shoals, nicolae_shoals_lost_giant_baths
Shoals:3: layout_shoals, nicolae_shoals_lost_giant_temple
Shoals:4: shoals_end_grunt_ice, layout_shoals, nicolae_shop_overcharged_wands,
          uniq_polyphemus
Snake:1:  layout_chambers, nicolae_snake_dead_anacondas, minmay_shop_grove
Snake:2:  layout_grid_shapes, serial_shops, nicolae_shop_crystal,
          statue_in_the_mist_lemuel, nrook_guardian_serpent_double, uniq_aizul,
          uniq_louise
Snake:3:  layout_grid_maze, serial_shops, shop,
          gammafunk_ghost_berserking_beasts
Snake:4:  grunt_snake_rune_serpentine_throne, layout_cave_town,
          grunt_ministairs_7, drop_trap
Slime:1:  layout_caves
Slime:2:  layout_caves
Slime:3:  layout_caves
Slime:4:  layout_caves
Slime:5
Orc:1:    layout_caves, uniq_josephine
Orc:2:    st_orc_congregation, layout_diamond_mine, serial_shops,
          nicolae_shop_stone
Vaults:1: nicolae_vaults_statue_guard, v_pattern_2, v_misc_15, v_rooms_6,
          dpeg_vaults_monster_box, v_rooms_1, vaults_dpeg_emergency_exit,
          v_misc_8, vaults_room_door_hall, vaults_dpeg_ring,
          layout_vaults_omnigrid, uniq_zenata
Vaults:2: v_alt_pattern_2, ontoclasm_vaults_idyll,
          nicolae_vaults_twisting_passages, nicolae_vaults_display_case,
          ontoclasm_vaults_ring_square, vaults_mumra_hex, v_misc_26, v_misc_30,
          vaults_room_hallway, nicolae_vaults_little_ls,
          layout_vaults_chaotic_city, serial_shops, shop
Vaults:3: blue_anna_dwarven_crypt, nicolae_vaults_little_squares_6,
          hangedman_vaults_nails, nicolae_vaults_windows_and_doors_thing,
          v_pattern_3, nicolae_vaults_specimen_jars, vaults_dpeg_hooks,
          dpeg_vaults_pockets_of_resistance, v_alt_pattern_2, v_misc_17,
          v_misc_27, vaults_room_corners, v_misc_17, vaults_dpeg_encased_lava,
          layout_vaults_omnicross, uniq_bai_suzhen, uniq_jory
Vaults:4: gammafunk_ghost_tricky_traps, vaults_room_pool, v_rooms_4,
          ontoclasm_vaults_gateway, hangedman_vaults_stagger,
          nicolae_vaults_network_star, v_misc_18, st_hourglassy,
          nicolae_vaults_rhombus_5, hangedman_vaults_trim, v_misc_29,
          nicolae_vaults_shelves_hall, layout_vaults_omnibox, serial_shops,
          nicolae_diamond_shop
Crypt:1:  layout_rooms, grunt_ministairs_13, grunt_crypt_arrival_split,
          uniq_josephina, uniq_xtahua, uniq_sojobo

Skill      XL: |  1  2  3  4  5  6  7  8  9 10 11 12 13 14 15 16 17 18 |
---------------+-------------------------------------------------------+-----
Spellcasting   | 3 4 5 6 7 8 10 | 10.9
Fighting       | 1 2 3 4 6 7 8 10 11 14 15 16 17 19 | 19.0
Dodging        | 3 4 5 7 8 10 11 13 14 17 18 20 21 | 21.0
Hexes          | 2 3 5 |  5.0
Summonings     | 5 6 7 8 9 10 12 13 14 16 | 16.3
Air Magic      | 2 4 5 7 10 12 14 | 14.1
Translocations | 1 7 10 | 10.0
Transmutations | 8 9 13 15 16 | 16.0
Earth Magic    | 4 7 |  7.0
Unarmed Combat | 4 11 10 15 14 | 15.0
Stealth        | |  2.6

Action                     |  1- 3 |  4- 6 |  7- 9 | 10-12 | 13-15 | 16-18 || total
---------------------------+-------+-------+-------+-------+-------+-------++-------
  Melee: Unarmed           |    10 |    11 |    31 |    23 |   753 |  1507 ||  2335
         Bite              |     1 |     1 |     7 |     2 |    95 |    10 ||   116
         Punch             |       |       |     1 |       |    45 |   210 ||   256
   Cast: Summon Small Mamm |    36 |       |       |       |       |       ||    36
         Call Imp          |     6 |     8 |    11 |       |       |       ||    25
         Call Canine Famil |    13 |    24 |    45 |    67 |   125 |       ||   274
         Summon Guardian G |       |     1 |     8 |       |     2 |       ||    11
         Summon Lightning  |       |       |     9 |   102 |   267 |    65 ||   443
         Summon Forest     |       |       |       |       |    12 |     4 ||    16
         Statue Form       |       |       |       |       |    59 |     3 ||    62
         Blink             |       |       |       |       |     9 |    21 ||    30
         Storm Form        |       |       |       |       |    24 |   162 ||   186
         Summon Horrible T |       |       |       |       |       |    28 ||    28
 Invoke: Call Merchant     |       |       |       |     2 |     1 |       ||     3
         Potion Petition   |       |       |       |       |     1 |     6 ||     7
Ability: Blinkbolt         |       |       |       |       |    13 |    43 ||    56
  Evoke: Wand              |       |       |       |     1 |     1 |       ||     2
    Use: Scroll            |       |     6 |    11 |    13 |     8 |    11 ||    49
         Potion            |       |       |       |       |    17 |    14 ||    31
   Stab: Distracted        |       |     2 |     2 |       |    33 |    39 ||    76
         Sleeping          |       |       |       |       |     1 |     4 ||     5
         Invisible         |       |       |       |       |       |     7 ||     7
         Petrified         |       |       |       |       |       |     1 ||     1
 Armour: Skin              |     1 |       |     1 |     3 |   287 |   212 ||   504
  Dodge: Dodged            |    24 |    15 |    92 |   102 |  2004 |  2211 ||  4448

Table legend: (Time is in decaauts)
 A = Elapsed time spent in this place.
 B = Non-inter-level travel time spent in this place.
 C = Inter-level travel time spent in this place.
 D = Time resting spent in this place.
 E = Time spent auto-exploring this place.
 F = Levels seen in this place.
 G = Mean time per level.
                   A        B        C        D        E       F      G
               +--------+--------+--------+--------+--------+-----+--------+
         Total |  53001 |  49019 |   3982 |   4382 |  34170 |  41 | 1292.7 |
       Dungeon |  18249 |  16918 |   1331 |    844 |  12700 |  15 | 1216.6 |
        Temple |     60 |     53 |      7 |      0 |     35 |   1 |   60.0 |
          Lair |   7634 |   6729 |    905 |    319 |   5106 |   5 | 1526.8 |
        Shoals |   5397 |   5147 |    250 |    512 |   3475 |   4 | 1349.2 |
     Snake Pit |   7315 |   6888 |    427 |    571 |   4616 |   4 | 1828.8 |
    Slime Pits |   1041 |    980 |     61 |    316 |    120 |   5 |  208.2 |
  Orcish Mines |   1771 |   1454 |    317 |     79 |    975 |   2 |  885.5 |
        Vaults |  10537 |   9867 |    670 |   1360 |   6840 |   4 | 2634.2 |
         Crypt |    994 |    983 |     11 |    378 |    300 |   1 |  994.0 |
               +--------+--------+--------+--------+--------+-----+--------+

Top non-repeatable levels by time:
Vaults:3: 3739 daAuts
Vaults:2: 2715 daAuts
Vaults:1: 2432 daAuts
 Snake:1: 2320 daAuts
 Snake:4: 2027 daAuts
    D:13: 1848 daAuts
  Lair:2: 1741 daAuts
  Lair:5: 1726 daAuts
     D:9: 1704 daAuts
 Snake:3: 1654 daAuts
Vaults:4: 1649 daAuts
Shoals:4: 1647 daAuts
    D:14: 1568 daAuts
Shoals:3: 1501 daAuts
    D:12: 1490 daAuts
